[Event "*** Titled Tuesday Blitz"]
[Site "Chess.com"]
[Date "2020.10.27"]
[Round "10"]
[White "Skat2704"]
[Black "Sergienko_Sergey"]
[Result "1-0"]
[WhiteElo "2461"]
[BlackElo "2327"]
[TimeControl "180+1"]
[EndTime "11:57:27 PDT"]
[Termination "Skat2704 won on time"]

1. d4 Nf6 2. c4 c5 3. d5 e5 4. Nc3 d6 5. e4 Be7 6. Bd3 Nbd7 7.
Nge2 Nf8 8. O-O Ng6 9. a3 O-O 10. b4 b6 11. b5 h6 12. a4 a5 13. g3 Bh3 14. Re1 Nh7 15. Qc2 Ng5 16. Bxg5 Bxg5 17. Nd1 Qe7 18. f3 Rae8 19. Nf2 Be3 20. Nc3 Bd4 21. Kh1 Bd7 22. Ra2 Qf6 23. Kg2 Qg5 24.
Ng4 Bxg4 25. fxg4 Qxg4 26. Be2 Qg5 27. Kh1 Bxc3 28. Qxc3 f5 29. exf5 Rxf5 30. h4 Qf6 31. Bg4 Rf1+ 32. Rxf1 Qxf1+ 33. Kh2 Rf8 34. Be6+ Kh8 35. Rg2 Ne7 36. Qc2 Rf3 37. Qe4 Qd1 38. Qg4 Rf1 39. Qxd1 Rxd1 40. Rf2 Rd4 41. Rf8+ Kh7 42.
Rf7 Ng6 43. Rb7 h5 44. Rxb6 Rxc4 45. Rb8 Rc2+ 46. Kh3 e4 47. b6 Rc3 48. b7 Nf4+ 49.
Kh2 Rc2+ 50. Kg1 Nd3 51. Rh8+ Kxh8 52. b8=Q+ Kh7 53. Bg8+ Kh6 54. Qe8 1-0

[Event "*** Titled Tuesday Blitz"]
[Site "Chess.com"]
[Date "2020.10.27"]
[Round "10"]
[White "PowerThinking2650"]
[Black "picturesquecheck"]
[Result "1-0"]
[WhiteElo "2389"]
[BlackElo "2107"]
[TimeControl "180+1"]
[EndTime "11:57:28 PDT"]
[Termination "PowerThinking2650 won by resignation"]

1. e4 c5 2. Nf3 Nc6 3. d4 cxd4 4. Nxd4 Nf6 5. Nc3 d6 6. Bc4 Qb6 7. Nxc6 bxc6 8. O-O g6 9. Qe2 Bg7 10. e5 Bg4 11.
Qe1 dxe5 12. Qxe5 O-O 13. Qxe7 Rae8 14. Qd6 Bf5 15. Bb3 Ng4 16. Na4 Qb5 17. Bf4 g5 18. Bg3 h5 19. Qc5 Qxc5 20. Nxc5 Bxb2 21. Rad1 Re2 22. h4 Bxc2 23. Bxc2 Rxc2 24. Ne4 gxh4 25. Bxh4 f5 26. Ng5 c5 27. Rd7 Bd4 28. Ne6 Rf7 29.
Rd8+ Kh7 30. Ng5+ Kg6 31. Nxf7 Kxf7 32. Rd7+ Ke6 33. Rxa7 f4 34. a4 Ne5 35. Kh2 f3 36. a5 fxg2 37. Kxg2 Ng6 38. Bg5 Kf5 39. Bh6 Nh4+ 40.
Kh3 Nf3 41. Rf7+ Ke6 42. Rxf3 Ra2 43. Re1+ Kd5 44. Rf5+ Kc4 45. Rxh5 Rxa5 46. Re2 Ra3+ 47. Kg4 Ra8 48. f4 Rg8+ 49. Bg5 Kd3 50. Rhh2 c4 51.
Rd2+ Ke4 52. Rhe2+ Kd5 53. Re1 Kc5 54. Red1 Bc3 55.
Rc2 Bb4 56. Rdc1 c3 57. Rxc3+ Bxc3 58. Rxc3+ Kd4 59. Rc7 Ke4 60. Re7+ Kd5 61. f5 Kd6 62. Re6+ Kd7 63. Re4 Ra8 64. f6 1-0

[Event "*** Titled Tuesday Blitz"]
[Site "Chess.com"]
[Date "2020.10.27"]
[Round "10"]
[White "Quattroporte300"]
[Black "Omk124"]
[Result "0-1"]
[WhiteElo "2235"]
[BlackElo "2397"]
[TimeControl "180+1"]
[EndTime "11:57:28 PDT"]
[Termination "Omk124 won by resignation"]

1. d4 Nf6 2. c4 g6 3. Nc3 d5 4. cxd5 Nxd5 5. Bd2 Bg7 6. e4 Nb6 7. Be3 O-O 8. Nf3 Bg4 9. Be2 Nc6 10. d5 Bxf3 11. gxf3 Na5 12. Bd4 Qd6 13. Bxg7 Kxg7 14. Qd4+ e5 15. Qd2 Nac4 16. Bxc4 Nxc4 17. Qe2 Qb4 18.
O-O-O c6 19. h4 Rac8 20. Kb1 cxd5 21. Rxd5 a6 22. h5 Rfd8 23. hxg6 hxg6 24. Rhd1 Rxd5 25. Nxd5 Qb5 26. Nc3 Qb6 27. Ka1 Rc6 28. Nd5 Qc5 29. Rc1 Qd4 30. Rd1 Na3 31. Ne3 Nb5 32. Kb1 Qb4 33. Nd5 Qa4 34. Qd2 Nd4 35. Nc3 Qb4 36. Qd3 Rb6 37. Qd2 Rf6 38. f4 Rxf4 39. Nd5 Qxd2 40.
Rxd2 Rxe4 41. Nc3 Re1+ 42. Nd1 f5 43. b4 Kf6 44. Kb2 Re2 45. Kc3 Nb5+ 46. Kd3 Rxd2+ 47. Kxd2 f4 48. a4 Nd6 49. Nc3 b5 50. a5 Ke6 51.
Kd3 e4+ 52. Nxe4 Nxe4 53. Kd4 g5 54. Kxe4 Kf6 55. f3 Ke6 56. Kd4 Kf5 57. Kd3 g4 58. fxg4+ Kxg4 59. Ke2 f3+ 60. Kf2 Kf4 61. Kf1 Ke4 62. Kf2 Kd4 63. Kxf3 Kc4 64. Ke4 Kxb4 65. Kd4 Kxa5 66. Kc5 Ka4 67. Kd4 a5 0-1

[Event "*** Titled Tuesday Blitz"]
[Site "Chess.com"]
[Date "2020.10.27"]
[Round "10"]
[White "Ranindu2003"]
[Black "djano"]
[Result "0-1"]
[WhiteElo "2540"]
[BlackElo "2477"]
[TimeControl "180+1"]
[EndTime "11:57:30 PDT"]
[Termination "djano won on time"]

1. e4 d6 2. d4 Nf6 3. Nc3 g6 4. f3 c6 5. Be3 b5 6. Qd2 Nbd7 7.
O-O-O Bb7 8. Kb1 Rc8 9. g4 Nb6 10.
Ka1 b4 11. Nb1 a5 12. h4 Qc7 13. h5 Rg8 14. Nh3 Bg7 15. Nf4 e5 16. dxe5 dxe5 17. Qf2 Nfd7 18. Nd3 Nc4 19. Bc1 Qb6 20. Qh2 a4 21.
Bh3 b3 22. cxb3 axb3 23. a3 Ra8 24. g5 Nc5 25. Qf2 Na4 26. Qe1 Qa5 27. Nb4 Bf8 28.
Nd3 Qxe1 29. Rhxe1 Be7 30. hxg6 hxg6 31. f4 Rh8 32.
Bg4 exf4 33. Bxf4 Kf8 34. Nd2 Nab6 35. Nxc4 Nxc4 36. Kb1 Ba6 37. Ne5 Nxe5 38. Bxe5 Rh4 39. Bd7 Bb5 40. Rh1 Bxg5 41. Rxh4 Bxh4 42. Rh1 g5 43.
Bf6 Bd3+ 44. Kc1 Bxe4 45. Rh3 Bd5 46. Kd1 Ra7 47. Bf5 Ra4 48. Bd7 Rf4 49. Re3 Rxf6 50. a4 Rf1+ 51. Kd2 Ra1 52. Rd3 Be1+ 53. Ke2 Bb4 54. Rd4 Bc5 55. Rd2 f6 0-1

[Event "*** Titled Tuesday Blitz"]
[Site "Chess.com"]
[Date "2020.10.27"]
[Round "10"]
[White "arminmusovic"]
[Black "Inga83"]
[Result "1-0"]
[WhiteElo "2583"]
[BlackElo "2401"]
[TimeControl "180+1"]
[EndTime "11:57:30 PDT"]
[Termination "arminmusovic won by checkmate"]

1. a3 d5 2. Nc3 d4 3. Ne4 f5 4. Ng3 e5 5. e4 dxe3 6. fxe3 Nf6 7. Bc4 Be7 8. Nf3 Nc6 9. Ng5 Nd5 10. Nf3 O-O 11.
O-O Kh8 12. d3 Be6 13. c3 Qd7 14. e4 fxe4 15. Nxe4 Nf4 16. Bxf4 exf4 17. Bxe6 Qxe6 18. Qc2 Rad8 19. d4 Qg6 20. Rae1 Rde8 21. Kh1 Na5 22. Ne5 Qf5 23. Qa4 Nc6 24. Nxc6 bxc6 25. Qxc6 Bh4 26. g3 f3 27. Nf2 Rxe1 28. Rxe1 Bd8 29. Qe4 Qh5 30.
Qg4 Qh6 31. Qxf3 g6 32. Ng4 Rxf3 33. Nxh6 Bg5 34. Ng4 h5 35. Re8+ Kg7 36. Ne5 Rf2 37. Rc8 Rxb2 38. Rxc7+ Kg8 39. Nxg6 Be3 40. Rxa7 Rb6 41.
Ne7+ Kh8 42. Nd5 Rb1+ 43. Kg2 Bd2 44. Kh3 Rh1 45. a4 Be3 46. Nxe3 Re1 47. Nf5 Rf1 48. Nh4 Rc1 49. Nf3 Rxc3 50. Ne5 Re3 51. a5 Ra3 52. a6 h4 53. Kxh4 Ra2 54. h3 Ra4 55.
g4 Rxd4 56. Ng6+ Kg8 57. Ne7+ Kh8 58. Nf5 Ra4 59. Kh5 Ra5 60. h4 Kg8 61. Kg6 Kf8 62. Ra8# 1-0

[Event "*** Titled Tuesday Blitz"]
[Site "Chess.com"]
[Date "2020.10.27"]
[Round "10"]
[White "nitpicker"]
[Black "Nathan_Filgueiras"]
[Result "1/2-1/2"]
[WhiteElo "2258"]
[BlackElo "2423"]
[TimeControl "180+1"]
[EndTime "11:57:30 PDT"]
[Termination "Game drawn by repetition"]

1. d4 Nf6 2. c4 e6 3. g3 d5 4. Nf3 dxc4 5. Bg2 a6 6. O-O b5 7. Ne5 Nd5 8. b3 c3 9. e4 b4 10. exd5 exd5 11. a3 Bf5 12. Qf3 Be6 13. axb4 Bxb4 14.
Nxc3 O-O 15. Nxd5 Bd6 16. Ne7+ Qxe7 17. Qxa8 Nd7 18. Qe4 Nf6 19. Nc6 Qd7 20. Qe2 Bxb3 21.
Qxa6 Qe6 22. Ne5 Nd5 23. Qd3 Nb4 24. Qc3 Bd5 25. Ba3 Bxg2 26. Kxg2 Nd5 27. Qf3 f6 28.
Bxd6 cxd6 29. Nc6 Rc8 30. Rfe1 Qf7 31. Rac1 Kh8 32. Kg1 Nb6 33. d5 Nxd5 34. Nd4 Rxc1 35. Rxc1 h5 36. Rc8+ Kh7 37. Qe4+ g6 38. Ne6 f5 39.
Nf8+ Kg7 40. Qe8 Nf6 41. Qxf7+ Kxf7 42. Nd7 Nxd7 43. Rc6 Ke6 44. Rc1 d5 45. Re1+ Ne5 46. Kg2 Kd6 47. f4 Ng4 48. h3 Nf6 49. Kf3 Ne4 50. Rd1 Kc5 51. g4 hxg4+ 52. hxg4 d4 53. gxf5 gxf5 54. Rh1 d3 55. Ke3 Kc4 56. Rc1+ Kd5 57.
Kxd3 Nc5+ 58. Ke3 Ne4 59. Rg1 Nd6 60. Rg8 Nc4+ 61. Kf3 Nd2+ 62. Ke3 Nc4+ 63. Kf3 Nd2+ 64. Kg3 Ne4+ 65. Kf3 Nd2+ 1/2-1/2

[Event "*** Titled Tuesday Blitz"]
[Site "Chess.com"]
[Date "2020.10.27"]
[Round "10"]
[White "JoachimMouhamad"]
[Black "Arfan48"]
[Result "1/2-1/2"]
[WhiteElo "2327"]
[BlackElo "2441"]
[TimeControl "180+1"]
[EndTime "11:57:31 PDT"]
[Termination "Game drawn - insufficient material"]

1. e4 c6 2. d4 d5 3. Nc3 dxe4 4.
Nxe4 Nf6 5. Nxf6+ exf6 6. c3 Bd6 7. Bd3 O-O 8. Ne2 Re8 9. O-O Nd7 10. Bf4 Nf8 11. Bxd6 Qxd6 12. Ng3 Be6 13. Nf5 Bxf5 14. Bxf5 Ng6 15. g3 Qd5 16. Qd3 Re7 17. c4 Qd6 18. Rfe1 Rae8 19. Kf1 Rxe1+ 20. Rxe1 Rxe1+ 21. Kxe1 Qb4+ 22. Qc3 Qxc3+ 23. bxc3 Ne7 24. Be4 Kf8 25. c5 Ke8 26. Kd2 f5 27. Bg2 Kd7 28. Kd3 b6 29. cxb6 axb6 30. Kc4 Kd6 31. h4 h6 32. Bf3 g5 33. hxg5 hxg5 34. Bh5 f6 35. Bf7 Nc8 36. a4 Ke7 37. Bg8 Nd6+ 38. Kb4 Ne4 39. c4 Nxf2 40. c5 bxc5+ 41. Kxc5 Kd7 42. Kb6 Nd3 43. a5 Nb4 44. a6 Nxa6 45. Kxa6 Kd6 46. Kb6 f4 47. gxf4 gxf4 48. Bc4 f3 49. Ba6 Kd5 50. Kc7 f2 51. Kd7 f5 52. Ke7 f4 53. Kf6 Kxd4 54. Kf5 Ke3 55.
Kg4 c5 56. Bc4 f3 57. Bf1 Kd2 58. Kxf3 Ke1 59. Kg2 c4 60. Bxc4 f1=Q+ 61. Bxf1 1/2-1/2

[Event "*** Titled Tuesday Blitz"]
[Site "Chess.com"]
[Date "2020.10.27"]
[Round "10"]
[White "m_ezat"]
[Black "KaterynaLagno"]
[Result "1-0"]
[WhiteElo "2518"]
[BlackElo "2659"]
[TimeControl "180+1"]
[EndTime "11:57:33 PDT"]
[Termination "m_ezat won on time"]

1. d4 Nf6 2. c4 g6 3. Nc3 d5 4.
Bg5 Ne4 5. cxd5 Nxg5 6. h4 Ne4 7. Nxe4 Qxd5 8. Qd3 Bg7 9. Nf3 Nc6 10. Nc3 Qa5 11. e3 Bf5 12. Qb5 Qxb5 13. Bxb5 Bd7 14. h5 gxh5 15.
Rxh5 h6 16. Ke2 a6 17. Ba4 O-O-O 18. Rah1 e6 19. a3 b5 20. Bc2 Na5 21. Ne4 Nc4 22. Rb1 Bc6 23. Nc5 a5 24. a4 Nb6 25. axb5 Bxb5+ 26. Bd3 Bc6 27. b4 a4 28. b5 Ba8 29.
Ra1 Rd5 30. Rxd5 Bxd5 31. Nxa4 Nxa4 32. Rxa4 Bb7 33. Ra1 Bf6 34. Rh1 Kd7 35. Rh2 Bg7 36. Nd2 Ra8 37. Be4 Bxe4 38. Nxe4 Ra2+ 39. Kf3 Rb2 40. Rh5 f5 41. Nc5+ Kd6 42. g4 fxg4+ 43. Kxg4 Ke7 44. Ne4 Kd7 45. Kf3 Bf8 46. Re5 Rb1 47.
Rh5 Rb2 48. Nf6+ Ke7 49. Ng4 Kd6 50. Nf6 Bg7 51. Ne8+ Ke7 52. Nxg7 Kf7 53. Nxe6 Kxe6 54. Rxh6+ Kd5 55. Rc6 Rxb5 56. Rxc7 Kd6 57. Rf7 Rf5+ 58. Rxf5 1-0

[Event "*** Titled Tuesday Blitz"]
[Site "Chess.com"]
[Date "2020.10.27"]
[Round "10"]
[White "verdest"]
[Black "WPWPWP-2015"]
[Result "1-0"]
[WhiteElo "2628"]
[BlackElo "2482"]
[TimeControl "180+1"]
[EndTime "11:57:34 PDT"]
[Termination "verdest won on time"]

1. d4 Nf6 2. c4 e6 3. Nf3 b6 4. g3 Ba6 5. b3 Bb4+ 6. Bd2 Be7 7. Nc3 d5 8. cxd5 exd5 9. Bg2 O-O 10. O-O c6 11.
Bc1 Bd6 12. Bb2 Re8 13. Rc1 Nbd7 14. Re1 Rc8 15. e3 h6 16. a3 Nf8 17. b4 Bc4 18.
Ne2 Ne4 19. Nf4 a5 20. bxa5 bxa5 21. Nd3 Qb6 22. Rb1 Ba2 23. Rc1 Bb3 24. Qe2 Bc4 25.
Rb1 Qa6 26. Bf1 Rb8 27. Qc2 Bb3 28. Qc1 Bc4 29. Nfe5 Rb3 30. Nxc4 dxc4 31. Nc5 Nxc5 32. dxc5 Rxb2 33. Rxb2 Bxc5 34. Bxc4 Qa7 35. Rc2 Bd6 36. Ba2 c5 37. Rd1 Be7 38. Rcd2 Qb6 39. Qc4 Qf6 40.
Rd5 g6 41. h4 h5 42. Qf4 Qb2 43. R5d2 Qg7 44. Rc2 a4 45. Qxa4 Rc8 46. Qc4 Ne6 47.
a4 Qf6 48. a5 Nf8 49. a6 Ra8 50. Bb3 Rxa6 51. Rd5 Rb6 52. Kg2 Rb4 53. Qc3 Qc6 54.
e4 c4 55. Bxc4 Ne6 56. Rd3 Qxe4+ 57. f3 Qf5 58. Bxe6 1-0

[Event "*** Titled Tuesday Blitz"]
[Site "Chess.com"]
[Date "2020.10.27"]
[Round "10"]
[White "malakismayil"]
[Black "AntonovaNadezhda"]
[Result "1-0"]
[WhiteElo "2251"]
[BlackElo "2114"]
[TimeControl "180+1"]
[EndTime "11:57:38 PDT"]
[Termination "malakismayil won on time"]

1. e4 c5 2. Nf3 d6 3. d4 cxd4 4. Nxd4 Nf6 5. Nc3 a6 6. Bc4 e6 7. a3 Be7 8. Be3 b5 9. Bd3 O-O 10.
O-O Bb7 11. Nb3 Nc6 12. Qe2 Qc7 13. Nd2 Rfd8 14. f4 d5 15. exd5 Nxd5 16. Nxd5 Rxd5 17. Ne4 Nd4 18. Qf2 Nf5 19. Bb6 Qc6 20. Rae1 Bh4 21.
g3 Be7 22. Re2 Rc8 23. Rfe1 g6 24. Ba5 Nd6 25. Bb4 Nxe4 26. Bxe4 Bxb4 27. axb4 Qc4 28. c3 Rcd8 29. Bg2 Bc6 30. Re4 Qb3 31. R4e2 Qc4 32. h4 h5 33. Kh2 Qb3 34. Rf1 Qc4 35. Rfe1 Rd3 36. Bxc6 Qxc6 37. Qg2 Qxg2+ 38. Kxg2 Kg7 39. Kf2 Kf6 40. Re3 Rd2+ 41. R1e2 Kf5 42. Re5+ Kg4 43.
Kg2 Rxe2+ 44. Rxe2 Rd3 45. Re5 Rxg3+ 46. Kf2 Rd3 47.
Ke2 Rh3 48. Rc5 Kxf4 49. Rc6 Rxh4 50. Rxa6 Rh2+ 51. Kd3 Rxb2 52. Rb6 h4 53. Rxb5 h3 54.
Rb7 g5 55. Rxf7+ Ke5 56. Rh7 g4 57. Rh5+ Kf4 58. c4 Rxb4 59. Kc3 Rb1 60. Rh6 g3 61. Rf6+ 1-0

[Event "*** Titled Tuesday Blitz"]
[Site "Chess.com"]
[Date "2020.10.27"]
[Round "10"]
[White "BlackBoarder"]
[Black "zmeeed67"]
[Result "1/2-1/2"]
[WhiteElo "2562"]
[BlackElo "2362"]
[TimeControl "180+1"]
[EndTime "11:57:40 PDT"]
[Termination "Game drawn - timeout vs insufficient material"]

1. e4 Nc6 2. Nf3 d6 3. h3 Nf6 4.
Nc3 e5 5. d4 Be7 6. Bb5 exd4 7.
Nxd4 Bd7 8. Bxc6 bxc6 9. Qf3 O-O 10. O-O c5 11. Nf5 Bxf5 12. Qxf5 Rb8 13. Rd1 Qc8 14. Qxc8 Rfxc8 15. b3 Re8 16. Bb2 Bf8 17. f3 a6 18.
Nd5 Nxd5 19. Rxd5 g6 20. Rad1 c4 21. Ra5 cxb3 22. axb3 Rb6 23. Rda1 Rc6 24. c3 Rb8 25. b4 Rbb6 26. Kf2 Bg7 27. R1a3 h5 28. Ke2 Be5 29.
Kd3 Kg7 30. Bc1 Bf6 31. Be3 Rb5 32. Rxa6 Rxa6 33. Rxa6 c5 34. Kc4 Rb8 35. b5 Rd8 36. b6 Rb8 37. Bf4 Be7 38. Kd5 c4 39. Kxc4 Bd8 40. Kb5 Rc8 41. b7 Rb8 42. Kc6 g5 43.
Bxd6 Rxb7 44. Kxb7 Bf6 45. c4 Bd4 46. c5 g4 47. hxg4 h4 48. c6 f5 49. exf5 h3 50.
gxh3 Kf6 51. c7 Kg5 52. c8=Q Bf6 53. Qe6 Bd8 54. Qg6+ Kh4 55. f6 Kxh3 56. f7 Kg2 57. f8=Q Bh4 58. Qc2+ Bf2 59. Bc5 Kg3 1/2-1/2

[Event "*** Titled Tuesday Blitz"]
[Site "Chess.com"]
[Date "2020.10.27"]
[Round "10"]
[White "GrafLermontov"]
[Black "chessmachine14"]
[Result "1-0"]
[WhiteElo "2470"]
[BlackElo "2337"]
[TimeControl "180+1"]
[EndTime "11:57:40 PDT"]
[Termination "GrafLermontov won by checkmate"]

1. d4 Nf6 2. c4 g6 3. Nc3 Bg7 4. e4 d6 5. Be2 O-O 6. Be3 c5 7. e5 Ne8 8. dxc5 Bxe5 9. cxd6 Nxd6 10. Qd2 Nc6 11. Nf3 Bg7 12. O-O Nf5 13. Qxd8 Rxd8 14. Bg5 h6 15. Bf4 e5 16. Bg3 Be6 17. b3 e4 18. Nxe4 Bxa1 19. Rxa1 Nxg3 20. hxg3 Nd4 21. Nxd4 Rxd4 22. Bf3 Rad8 23. Nc3 Rd2 24. Nd5 Bxd5 25.
Bxd5 b6 26. a3 Kf8 27. a4 Rb2 28. Ra3 Re8 29. f4 h5 30. a5 Re1+ 31. Kh2 Rbb1 32. g4 hxg4 33. axb6 axb6 34. Ra8+ Re8 35. Ra7 Re3 36.
Rxf7+ Ke8 37. Rf6 g3+ 38. Kh3 Rexb3 39. Rxg6 Rh1+ 40. Kg4 Kd7 41. f5 Rf1 42. f6 Rb4 43. f7 Ke7 44. Re6+ Kf8 45. Re8+ Kg7 46. Rg8+ Kh7 47. f8=Q Rxf8 48. Rxf8 b5 49. Rc8 bxc4 50. Rxc4 Rb6 51. Be4+ Kg7 52. Kxg3 Rb3+ 53. Kf4 Ra3 54. Rc7+ Kf6 55. g4 Ra5 56. g5+ Ke6 57. Rc6+ Kf7 58.
g6+ Kg7 59. Rc7+ Kf6 60. Rf7+ Ke6 61. Bf5+ Kd6 62. g7 Ra8 63. Rf8 Ra4+ 64. Kg5 Ra1 65.
g8=Q Rg1+ 66. Bg4 Ke5 67. Qe6+ Kd4 68. Rf4+ Kc3 69. Qe3+ Kb2 70. Qxg1 Ka2 71. Qe3 Kb2 72. Rf2+ Kb1 73. Qe1# 1-0

[Event "*** Titled Tuesday Blitz"]
[Site "Chess.com"]
[Date "2020.10.27"]
[Round "10"]
[White "RamyresCoelho"]
[Black "Marina_Chess_Rus"]
[Result "0-1"]
[WhiteElo "2081"]
[BlackElo "2274"]
[TimeControl "180+1"]
[EndTime "11:57:40 PDT"]
[Termination "Marina_Chess_Rus won by checkmate"]

1. e4 e6 2. d4 d5 3. Nc3 Nf6 4.
e5 Nfd7 5. f4 c5 6. Nf3 Nc6 7. Be3 a6 8. Be2 b5 9. dxc5 Bxc5 10.
Bxc5 Nxc5 11. O-O Qb6 12. Kh1 b4 13. Nb1 a5 14. Nbd2 Ba6 15. Bxa6 Qxa6 16. Qe1 Na4 17. b3 Nc3 18. Qg3 g6 19. Qg5 Qa7 20. Qf6 O-O 21. Qh4 Kg7 22. Qf6+ Kg8 23. Qh4 Kg7 24. Ng5 Rh8 25.
Ndf3 h6 26. Nh3 Qe7 27. Qf2 Ne4 28. Qe1 Rac8 29. g4 Na7 30. f5 exf5 31. gxf5 gxf5 32. Rg1+ Kh7 33. Nh4 Rhg8 34. Nxf5 Rxg1+ 35. Qxg1 Qxe5 36. Rf1 Nc6 37. Qe3 Ng5 38. Nxg5+ hxg5 39. Qh3+ Kg8 40. Nh6+ Kg7 41. Rxf7+ Kg6 42. Qxc8 Qe4+ 43. Kg1 Qe3+ 44. Rf2 Ne5 45. Qe6+ Kh5 46. Nf5 Nf3+ 47. Kg2 Nh4+ 48.
Nxh4 Qxe6 49. Nf3 Kg6 50. Nd4 Qe4+ 51. Nf3 g4 52. Kg3 gxf3 53. Rxf3 Qxc2 54. Rf2 Qc3+ 55. Kg2 d4 56. Kf1 d3 57. Rg2+ Kh5 58. Rg3 Qc1+ 59. Kf2 d2 60. Rh3+ Kg4 61. Rg3+ Kh4 62. Rf3 d1=Q 63. Re3 Qf1# 0-1

[Event "*** Titled Tuesday Blitz"]
[Site "Chess.com"]
[Date "2020.10.27"]
[Round "10"]
[White "ShcufNaiRolf"]
[Black "DonBroca"]
[Result "1/2-1/2"]
[WhiteElo "2312"]
[BlackElo "2155"]
[TimeControl "180+1"]
[EndTime "11:57:42 PDT"]
[Termination "Game drawn by stalemate"]

1. e4 c5 2. Nf3 d6 3. d4 cxd4 4. Nxd4 Nf6 5. Nc3 g6 6. Be3 Bg7 7. f3 O-O 8. Qd2 Nc6 9. Bc4 Bd7 10. O-O-O Rc8 11. Bb3 Ne5 12. h4 h5 13. Bh6 Bxh6 14.
Qxh6 Rxc3 15. bxc3 Qc7 16. Qe3 Rc8 17. Kd2 a5 18. a3 a4 19. Ba2 Kg7 20. Rb1 Qc5 21.
Rb4 Neg4 22. fxg4 Nxg4 23. Qg3 Nf2 24. Qxf2 Qxc3+ 25. Kd1 Bg4+ 26. Nf3 Qxa3 27. Qd4+ e5 28. Qb2 Bxf3+ 29. gxf3 Qxf3+ 30. Kd2 Qxh1 31. Rc4 Qg2+ 32. Kc3 Rxc4+ 33. Bxc4 Qxe4 34. Qb5 Qd4+ 35. Kb4 a3 36. Kxa3 Qa1+ 37. Kb4 Qb2+ 38. Bb3 Qd4+ 39. Ka5 Qa7+ 40. Kb4 Qd4+ 41. Ka3 Qxh4 42. Qxb7 Qf4 43. Qd5 h4 44. c4 h3 45. c5 dxc5 46. Qxc5 h2 47. Bd5 Qg3+ 48.
Kb4 Qg1 49. Qc6 Qd4+ 50. Kb3 Qd3+ 51. Kb4 Qd4+ 52. Kb3 Qf4 53. Qd7 g5 54. Qh3 g4 55.
Qh4 g3 56. Qh3 Qe3+ 57. Kc4 Qd4+ 58. Kb5 Qxd5+ 59. Kb6 h1=Q 60. Qxg3+ Kf8 61. Qa3+ Ke8 62. Qa8+ Qd8+ 63. Qxd8+ Kxd8 64. Kc5 Qg2 65. Kd6 e4 66. Ke5 e3 67. Kf6 e2 68. Ke5 e1=Q+ 69. Kf6 Qef2+ 70. Ke5 Qgf3 71. Kd6 Q3e3 72. Kc6 Qfd2 73. Kb5 Qec3 74. Ka4 Qdb2 1/2-1/2

[Event "*** Titled Tuesday Blitz"]
[Site "Chess.com"]
[Date "2020.10.27"]
[Round "10"]
[White "GMKrikor"]
[Black "chessdjw"]
[Result "1/2-1/2"]
[WhiteElo "2790"]
[BlackElo "2660"]
[TimeControl "180+1"]
[EndTime "11:57:50 PDT"]
[Termination "Game drawn - insufficient material"]

1. e4 c5 2. Nf3 d6 3. d4 cxd4 4. Nxd4 Nf6 5. Nc3 a6 6. Be3 e5 7.
Nb3 Be7 8. f3 Be6 9. Qd2 h5 10.
Nd5 Nxd5 11. exd5 Bf5 12. Bd3 Bxd3 13. Qxd3 Nd7 14. O-O O-O 15. c4 f5 16. Rac1 b6 17.
f4 g5 18. fxe5 Nxe5 19. Qe2 Qe8 20. Nd4 f4 21. Bd2 Qg6 22. Ne6 Rf7 23. Bc3 Bf6 24.
h4 f3 25. gxf3 gxh4+ 26. Kh1 Qf5 27. Rg1+ Kh7 28. Rcf1 Qh3+ 29. Qh2 Qxh2+ 30. Kxh2 Nxc4 31. Ng5+ Bxg5 32. Rxg5 Ne3 33. Rfg1 Kh6 34. Rg6+ Kh7 35. R6g5 Kh6 36. Bg7+ Rxg7 37. Rxg7 Ng4+ 38. R1xg4 hxg4 39. Rxg4 Kh5 40. Kh3 Rc8 41. Rxh4+ Kg5 42. Rg4+ Kf5 43. Kg3 Rc2 44. Rb4 b5 45. a4 bxa4 46. Rxa4 Rxb2 47. Rxa6 Ke5 48. Ra5 Rb3 49. Kg4 Rb4+ 50. Kg5 Rf4 51. Ra3 Rf5+ 52. Kg4 Rf4+ 53. Kg3 Rd4 54. Re3+ Kxd5 55.
f4 Rd1 56. Kf3 Kd4 57. Re6 d5 58. f5 Rf1+ 59. Kg4 Kd3 60. Kg5 d4 61. f6 Kc2 62.
Rc6+ Kd2 63. Kg6 d3 64. f7 Rxf7 65. Kxf7 Ke2 66. Re6+ Kf1 67. Rd6 Ke2 68. Ke6 d2 69. Rxd2+ Kxd2 1/2-1/2

[Event "*** Titled Tuesday Blitz"]
[Site "Chess.com"]
[Date "2020.10.27"]
[Round "10"]
[White "Ginger_GM"]
[Black "maciek_92"]
[Result "1/2-1/2"]
[WhiteElo "2604"]
[BlackElo "2717"]
[TimeControl "180+1"]
[EndTime "11:57:51 PDT"]
[Termination "Game drawn by stalemate"]

1. e4 c5 2. b4 cxb4 3. a3 d5 4. exd5 Qxd5 5. Nf3 e5 6. c4 Qe6 7. d4 exd4+ 8. Be2 Nc6 9. O-O Nf6 10. Re1 Be7 11. Bd3 Qd7 12. axb4 Nxb4 13. Ne5 Qc7 14. Qa4+ Kf8 15. Ba3 Nxd3 16. Nxd3 Be6 17. Bxe7+ Qxe7 18. Na3 g6 19. Nb5 Rd8 20. Qxa7 Kg7 21. Nxd4 Rd6 22. Nf4 Rhd8 23. Ndxe6+ fxe6 24. Qe3 Kf7 25. h3 g5 26. Ne2 h6 27. Rab1 R8d7 28. Ng3 Rd3 29. Qe2 R3d4 30. Nh5 Re4 31. Qf3 Rxe1+ 32. Rxe1 Kg6 33.
Nxf6 Qxf6 34. Qe4+ Kg7 35. Qxe6 Qxe6 36. Rxe6 Rc7 37. Rb6 Rxc4 38. Rxb7+ Kg6 39. Rb6+ Kg7 40. g3 Rc3 41. Kg2 Rc4 42. Rd6 Rb4 43. Kf3 Rc4 44. Re6 Rb4 45. Re4 Rb3+ 46. Kg4 Rb2 47. f3 Kf6 48.
Rc4 Rb3 49. Rc6+ Kg7 50. f4 gxf4 51. gxf4 Rb5 52. h4 h5+ 53. Kf3 Kf7 54. Rc4 Kf6 55.
Ke4 Rb1 56. Rc6+ Kf7 57. Rc5 Kg6 58. Rg5+ Kh6 59. f5 Rb8 60. f6 Rb1 61. f7 Re1+ 62.
Kf5 Kh7 63. Kf6 Rf1+ 64. Ke7 Re1+ 65. Kf6 Rf1+ 66. Rf5 Rxf5+ 67. Kxf5 Kg7 68. Ke6 Kf8 69. Kf6 1/2-1/2

[Event "*** Titled Tuesday Blitz"]
[Site "Chess.com"]
[Date "2020.10.27"]
[Round "10"]
[White "exoticprincess"]
[Black "Sibelephant"]
[Result "1/2-1/2"]
[WhiteElo "2873"]
[BlackElo "3076"]
[TimeControl "180+1"]
[EndTime "11:57:52 PDT"]
[Termination "Game drawn - insufficient material"]

1. d4 Nf6 2. c4 g6 3. g3 c6 4. d5 cxd5 5. cxd5 Bg7 6. Bg2 O-O 7.
Nc3 d6 8. Nf3 Na6 9. O-O Bd7 10.
Be3 Qa5 11. Bd4 Nc5 12. Nd2 Rfc8 13. Nb3 Nxb3 14. axb3 Qb4 15. Bh3 Bxh3 16. Ra4 Qxa4 17. bxa4 Bxf1 18. Kxf1 Rc4 19. Kg2 a6 20. e3 Nd7 21. Qb3 Rc7 22. a5 Bxd4 23. exd4 b5 24.
axb6 Rb7 25. Qa4 Nxb6 26. Qc6 Rab8 27. h4 Nd7 28. h5 gxh5 29. Ne2 Nf6 30. Nf4 Rxb2 31.
Qxa6 Ne4 32. Nd3 Rd2 33. Qa7 Re8 34. Qd7 Kf8 35. Qf5 Nf6 36. Nf4 Rxd4 37. Qg5 Re4 38. Nxh5 Nxh5 39. Qxh5 Kg7 40. Qg5+ Kf8 41. Qf5 Ra4 42.
Qxh7 f6 43. Qh8+ Kf7 44. Qh5+ Kf8 45. f4 Rd4 46. Kf3 Rc4 47. Kg4 Rc5 48. Qh8+ Kf7 49. Qh7+ Kf8 50. Kf5 Rc3 51. g4 Rec8 52. Qh8+ Kf7 53.
Qh5+ Kg7 54. g5 fxg5 55. Qxg5+ Kf7 56. Qg6+ Kf8 57. Qh5 Kg7 58. Ke6 Re3+ 59. Kd7 Rcc3 60. Qg5+ Kf7 61. f5 Rcd3 62. Qg6+ Kf8 63. Qh6+ Kf7 64. Qg6+ Kf8 65. f6 exf6 66. Qxf6+ Kg8 67. Kxd6 Rg3 68. Kc6 Kh7 69. d6 Rxd6+ 70. Kxd6 Rg6 71.
Qxg6+ Kxg6 1/2-1/2

[Event "*** Titled Tuesday Blitz"]
[Site "Chess.com"]
[Date "2020.10.27"]
[Round "10"]
[White "TotsukaBlade"]
[Black "Samantha_Ross"]
[Result "0-1"]
[WhiteElo "2410"]
[BlackElo "2313"]
[TimeControl "180+1"]
[EndTime "11:57:53 PDT"]
[Termination "Samantha_Ross won by checkmate"]

1. e4 c5 2. Nf3 d6 3. Bb5+ Bd7 4.
c4 Nf6 5. Nc3 Nc6 6. O-O g6 7. d4 cxd4 8. Nxd4 Bg7 9. Be3 Ng4 10.
Nxc6 bxc6 11. Bxc6 Nxe3 12. Bxd7+ Qxd7 13. fxe3 O-O 14. Qd3 Rfc8 15. Rac1 Rab8 16. Rc2 Rc5 17. b3 Rh5 18. Rcf2 Rf8 19. Nd5 Re5 20. c5 e6 21.
c6 Qd8 22. Nf6+ Bxf6 23. Rxf6 Rc5 24. Qa6 Qc7 25. Qb7 Rxc6 26. Qxc7 Rxc7 27. g3 Rc2 28.
R1f2 Rfc8 29. Rxf7 Rxf2 30. Rxf2 Rc3 31. Re2 Rc1+ 32. Kf2 Kf7 33. Rd2 Ke7 34. Kf3 h5 35. Kf4 Kf6 36. Kf3 Ke5 37. h3 g5 38. g4 h4 39. Rh2 Rf1+ 40. Ke2 Rg1 41. Kd3 Rd1+ 42. Ke2 Rg1 43. Kd3 a5 44. a3 Rb1 45. Kc2 Re1 46. Kd3 Ra1 47. a4 Rd1+ 48. Kc2 Rg1 49. Kd3 Rg3 50. Kd2 Kxe4 51. Kc3 Rxe3+ 52. Kc4 d5+ 53. Kc5 d4 54. Kd6 d3 55. Kxe6 Re2 56.
Rh1 d2 57. Kf6 Re1 58. Rxe1+ dxe1=Q 59. Kxg5 Qg3 60. Kh5 Qxh3 61. g5 Qg3 62. g6 h3 63.
g7 h2 64. b4 h1=Q# 0-1